 Dungeon Crawl Stone Soup version 0.23.2-1-ga50397a6bc (webtiles) character file.

Game seed: 13276309525012450539

107 Revguard the Slasher (level 4, 0/34 HPs)
             Began as a Demonspawn Gladiator on Apr 15, 2019.
             Slain by a hound (3 damage)
             ... on level 3 of the Dungeon.
             The game lasted 00:06:20 (1792 turns).

Revguard the Slasher (Demonspawn Gladiator)         Turns: 1792, Time: 00:06:20

Health: 0/34       AC:  4    Str: 15    XL:     4   Next: 57%
Magic:  4/4        EV: 13    Int:  9    God:
Gold:   115        SH:  0    Dex: 15    Spells: 3/3 levels left

rFire    . . .     SeeInvis .   a - +0 long sword
rCold    . . .     Gourm    .   (no shield)
rNeg     . . .     Faith    .   b - +0 leather armour
rPois    .         Spirit   .   (helmet restricted)
rElec    .         Reflect  .   (no cloak)
rCorr    .         Harm     .   (no gloves)
MR       .....                  n - +0 pair of boots
Stlth    +.........             (no amulet)
HPRegen  0.11/turn              (no ring)
MPRegen  0.09/turn              (no ring)

@: no status effects
A: horns 1, powered by pain 1
a: no special abilities


You were on level 3 of the Dungeon.
You were not hungry.

You visited 1 branch of the dungeon, and saw 3 of its levels.

You collected 115 gold pieces.

Inventory:

Hand Weapons
 a - a +0 long sword (weapon)
Missiles
 d - 3 throwing nets (quivered)
Armour
 b - a +0 leather armour (worn)
 c - a +0 helmet
 n - a +0 pair of boots (worn)
Jewellery
 o - an uncursed ring of protection from fire
Wands
 q - a wand of iceblast (6)
Scrolls
 e - 6 scrolls of identify {unknown}
 g - 2 scrolls of remove curse {unknown}
 h - a scroll of immolation {unknown}
 i - 2 scrolls of amnesia {unknown}
 j - a scroll of magic mapping {unknown}
 k - 2 scrolls of teleportation {unknown}
 l - a scroll of enchant armour {unknown}
 p - a scroll of fear {unknown}
Comestibles
 f - 4 rations
 r - a chunk of flesh


   Skills:
 + Level 2.4 Fighting
 + Level 3.7 Long Blades
 - Level 1.7 Throwing
 + Level 1.1 Armour
 + Level 3.3 Dodging
 + Level 0.8 Stealth


You had 3 spell levels left.
You didn't know any spells.
Your spell library was empty.

Dungeon Overview and Level Annotations

Branches:
Dungeon (3/15)

Altars:
Gozag


Innate Abilities, Weirdness & Mutations

You have a pair of small horns on your head.
You sometimes gain a little power by taking damage.


Message History

The hound completely misses you. The hound completely misses you.
You riposte.
You hit the hound.
The hound is lightly wounded.
The hound bites you.
* * * LOW HITPOINT WARNING * * *
You feel better. The hound bites you but does no damage.
The hound bites you. x2
* * * LOW HITPOINT WARNING * * *
The kobold throws a stone.
The stone barely misses you. The hound bites you.
* * * LOW HITPOINT WARNING * * *
You see here a stone.
The kobold throws a stone.
The stone hits you.
* * * LOW HITPOINT WARNING * * *
The hound closely misses you.
You riposte.
You hit the hound. Your headbutt misses the hound.
The hound is heavily wounded.
You see here a stone.
The hound barely misses you.
You riposte.
You barely miss the hound.
There is a stone staircase leading down here.
The hound bites you.
You die...

##..##### #..K....#
#.......# #.......#
#....[..# ##
#....(..#
...####.(###
......hh##########
...##....@.........
.........†..#####
............# .
............# .#
#.###.......##.# #
.........)..##.#
###.............#
#####+#.#######
#....<#


You could see 2 hounds and a kobold.

Vanquished Creatures
  Ijyb (D:3)
  2 adders
  2 worms (D:2)
  2 dart slugs
  A leopard gecko (D:2)
  2 orcs (D:3)
  3 giant cockroaches
  4 goblins
  7 hobgoblins
  4 jackals (D:2)
  2 quokkas
  5 bats (D:1)
  2 frilled lizards (D:2)
  6 kobolds
  8 rats
51 creatures vanquished.

Notes
Turn   | Place    | Note
-------+----------+-------------------------------------------
     0 | D:1      | Revguard the Demonspawn Gladiator began the quest for the
                  | Orb.
     0 | D:1      | Reached XP level 1. HP: 16/16 MP: 1/1
   250 | D:1      | Gained mutation: You sometimes gain a little power by
                  | taking damage. [demonic ancestry]
   250 | D:1      | Reached XP level 2. HP: 22/22 MP: 2/2
   823 | D:2      | Reached XP level 3. HP: 27/27 MP: 3/3
  1377 | D:2      | Found an opulent altar of Gozag.
  1620 | D:3      | Noticed Ijyb
  1631 | D:3      | Killed Ijyb
  1631 | D:3      | Reached skill level 1 in Armour
  1631 | D:3      | Gained mutation: You have a pair of small horns on your
                  | head. [demonic ancestry]
  1631 | D:3      | Reached XP level 4. HP: 33/34 MP: 4/4
  1792 | D:3      | Slain by a hound

Skill      XL: |  1  2  3 |
---------------+----------+-----
Long Blades    | 3 |  3.7
Dodging        | 3 |  3.3
Armour         | 1 |  1.1
Fighting       | |  2.4
Throwing       | |  1.7
Stealth        | |  0.8

Action                   |  1- 3 |  4- 6 || total
-------------------------+-------+-------++-------
Melee: Long sword        |    92 |    15 ||   107
       Headbutt          |       |     4 ||     4
  Use: Potion            |     1 |     2 ||     3
  Eat: Chunk             |     2 |     1 ||     3
Armor: Leather armour    |    35 |     6 ||    41
Dodge: Dodged            |   104 |    24 ||   128
       Rpst.: Long sword |    37 |     8 ||    45
